 Dungeon Crawl Stone Soup version 0.29.1-12-g30fa7ad0bf (webtiles) character file.

Game seed: 927307106403696713

4936 mopl the Destroyer (level 10, -9/56 HPs)
             Began as an Octopode Hedge Wizard on Jan 2, 2023.
             Mangled by a death yak (28 damage)
             ... on level 8 of the Dungeon.
             The game lasted 00:18:33 (11360 turns).

mopl the Destroyer (Octopode Hedge Wizard)         Turns: 11360, Time: 00:18:33

Health: -9/56      AC:  3    Str:  9    XL:     10   Next: 52%
Magic:  0/23       EV: 13    Int: 28    God:
Gold:   451        SH:  0    Dex: 11    Spells: 19/28 levels left

rFire   . . .      SeeInvis .   a - +0 short sword (drain)
rCold   . . .      Faith    .   (no shield)
rNeg    + . .      Spirit   .   b - +2 hat
rPois   .          Reflect  .   (no amulet)
rElec   .          Harm     .   x - +6 ring of intelligence
rCorr   .          Rampage  .   z - ring of positive energy
Will    .....                   (no ring)
Stlth   +++.......              (no ring)
HPRegen 0.18/turn               (no ring)
MPRegen 0.18/turn               (no ring)
                                (no ring)
                                (no ring)

@: very slightly contaminated, invisible
A: almost no armour, amphibious, 8 rings, camouflage 1, gelatinous body 1,
(nimble swimmer 1), tentacles
a: no special abilities


You were on level 8 of the Dungeon.
You visited 2 branches of the dungeon, and saw 9 of its levels.
You also visited: Sewer.

You collected 451 gold pieces.

Inventory:

Hand Weapons
 a - a +0 short sword of draining (weapon)
Missiles
 e - 11 poisoned darts
 i - 2 datura-tipped darts
 o - 3 boomerangs
Armour
 b - a +2 hat (worn)
Jewellery
 q - an amulet of guardian spirit
 x - a +6 ring of intelligence (left tentacle)
 z - a ring of positive energy (right tentacle)
Wands
 r - a wand of flame (14)
Scrolls
 f - a scroll of enchant armour
 g - 4 scrolls of teleportation
 j - a scroll of fog {unknown}
 k - 2 scrolls of vulnerability {unknown}
 l - 2 scrolls of silence {unknown}
 m - 3 scrolls of enchant weapon {unknown}
 u - a scroll of blinking {unknown}
 w - 3 scrolls of amnesia {unknown}
 y - a scroll of acquirement {unknown}
 A - a scroll of fear {unknown}
 B - a scroll of identify
 C - a scroll of brand weapon {unknown}
Potions
 c - a potion of magic
 d - 4 potions of haste
 h - 2 potions of might
 n - a potion of heal wounds
 p - 2 potions of invisibility
 s - 2 potions of curing
 t - 2 potions of cancellation
 v - a potion of lignification {!q}


   Skills:
 - Level 2.0 Dodging
 - Level 2.6 Stealth
 + Level 9.8 Spellcasting
 + Level 10.2 Conjurations
 - Level 1.0 Summonings
 - Level 3.0 Translocations
 - Level 2.0 Air Magic
 - Level 4.0 Poison Magic


You had 19 spell levels left.
You knew the following spells:

 Your Spells              Type           Power      Damage    Failure   Level
a - Magic Dart            Conj           100%       1d8       1%          1
c - Conjure Flame         Conj/Fire      42%        6-21      1%          3
d - Mephitic Cloud        Conj/Pois/Air  44%        N/A       1%          3
e - Blink                 Tloc           60%        N/A       1%          2

Your spell library contained the following spells:

 Spells                   Type           Power      Damage    Failure   Level
 Stone Arrow              Conj/Erth      84%        3d12      1%          3
 Sandblast                Erth           26%        2d8       4%          1
 Slow                     Hex            52%        N/A       4%          1
 Call Imp                 Summ           19%        N/A       4%          2
 Passwall                 Tmut/Erth      10%        N/A       6%          2
 Sublimation of Blood     Necr           13%        N/A       6%          2
 Portal Projectile        Hex/Tloc       44%        N/A       7%          3
 Call Canine Familiar     Summ           19%        N/A       9%          3
 Ozocubu's Armour         Ice            13%        N/A       12%         3
 Corpse Rot               Necr/Pois/Air  25%        N/A       19%         4
 Leda's Liquefaction      Hex/Erth       6%         N/A       38%         4
 Metabolic Englaciation   Hex/Ice        6%         N/A       75%         5
 Simulacrum               Ice/Necr       6%         N/A       99%         6
 Dragon's Call            Summ           9%         N/A       100%        9
 Animate Armour           Summ/Erth      Unusable   N/A       N/A         4

Dungeon Overview and Level Annotations

Branches:
Dungeon (8/15)             Temple (1/1) D:5            Lair (0/5) D:8
  Sewer (visited)

Altars:
Ashenzari
Cheibriados
Dithmenos
Elyvilon
Fedhas
Gozag
Hepliaklqana
Makhleb
Okawaru
Qazlal
Trog
Uskayaw
Wu Jian
Xom
Yredelemnul
The Shining One

Shops:
D:1 :

Annotations:
D:3 2 transporters, diceflayer's ghost, amateur DsHu
D:6 1 runed translucent door, MisterFreud's ghost, novice FoGl
D:8 exclusion: death yak


Innate Abilities, Weirdness & Mutations

You cannot wear most types of armour.
You are amphibious.
You can wear up to eight rings at the same time.
Your skin changes colour to match your surroundings (Stealth+).
Your rubbery body absorbs attacks. (AC +1, EV +1)
((You are camouflaged when in or above water. (Stealth+)))
You have tentacles for arms and can constrict up to eight enemies at once.


Message History

The death yak barely misses you.
The death yak is engulfed in blazing flames. x2
Your magical contamination has completely faded away.
Unknown command.
You fade into invisibility!
The death yak completely misses you.
Unknown command.
The river rat is engulfed in noxious fumes.
The river rat appears confused.
The death yak is engulfed in blazing flames.
Okay, then.
Throw: 12 darts (poison)
Press: ? - help, Shift-Dir - straight line, f/p - death yak
Aim: a death yak (severely wounded, wandering, unable to see you, hasn't noticed you, 75% to hit)
You throw a poisoned dart.
The poisoned dart barely misses the death yak.
The poisoned dart closely misses the rat.
Throw: 3 darts (datura)
Press: ? - help, Shift-Dir - straight line, f/p - death yak
Aim: a death yak (severely wounded, wandering, unable to see you, hasn't noticed you, 75% to hit, chance to frenzy on hit: 3%)
You throw a datura-tipped dart.
The datura-tipped dart hits the death yak.
The death yak resists.
The death yak is severely wounded.
The death yak bellows!
Casting: Mephitic Cloud (safe; 1% risk of failure)
Confirm with . or Enter, or press ? or * to list all spells.
Aiming: Mephitic Cloud (safe; 1% risk of failure)
Press: ? - help, Shift-Dir - straight line, f/p - death yak
Aim: a death yak (severely wounded, wandering, unable to see you, hasn't noticed you, chance to affect: 34%)
You miscast Mephitic Cloud.
You are very lightly contaminated with residual magic.
Nothing appears to happen.
Unknown command.
You strike the helpless death yak from behind!
You hit the death yak.
The death yak is severely wounded.
The death yak gores you!!
Ouch! That really hurt!
You die...

#..........# #.########.#
#.# #.# #.# ####.#########
#.# #...#........# #. #.#
#.##.#######.# #.# #.#
#.##.# #.# #.### #.#
#.##.#### #.# #... #.#
#.#(.@.)# #.# #..# #.#
#.#.Y##)# #.# #..# #
#.#####.#..##.# #.###..##.#
#.......)Y.##.####.K..K.<...
#########r###....K...Y...#..
#.# ####............
#####r######.######.#.##
#...(((...##.# #.#...
#.#######r##.# #.##..


You could see 2 death yaks, a river rat (wandering, confused, unable to see you)
and a rat (wandering, unable to see you).

Vanquished Creatures
  A boulder beetle (D:8)
  A death yak (D:8)
  Sigmund (D:4)
  A wyvern (D:7)
  2 steam dragons
  A water moccasin (D:6)
  An ice beast (D:8)
  An orc warrior (D:8)
  A sky beast (D:8)
  An ogre (D:5)
  A centaur (D:7)
  3 phantoms
  A kobold brigand (D:8)
  A necrophage (D:8)
  3 bullfrogs
  A gnoll sergeant (D:7)
  2 scorpions
  5 wights (D:8)
  14 killer bees
  4 howler monkeys (D:7)
  2 jellies
  Crazy Yiuf (D:7)
  4 hounds
  Jessica (D:2)
  2 iguanas (D:4)
  5 orc wizards
  A hell rat (D:8)
  5 gnolls
  12 adders
  3 river rats (Sewer)
  2 white imps
  An ufetubus (D:7)
  2 worms
  A dart slug (D:2)
  23 orcs
  7 ball pythons
  8 endoplasms
  7 giant cockroaches
  11 hobgoblins
  7 jackals
  11 quokkas
  7 bats
  11 frilled lizards
  15 goblins
  A goblin zombie (D:3)
  17 kobolds
  2 kobold skeletons (D:3)
  4 kobold zombies (D:3)
  An orc skeleton (D:3)
  7 rats
227 creatures vanquished.

Vanquished Creatures (collateral kills)
  2 killer bees
2 creatures vanquished.

Vanquished Creatures (others)
  12 plants (Sewer)
  2 withered plants (D:6)
14 creatures vanquished.

Grand Total: 243 creatures vanquished

Notes
Turn   | Place    | Note
-------+----------+-------------------------------------------
     0 | D:1      | mopl the Octopode Hedge Wizard began the quest for the Orb.
     0 | D:1      | Reached XP level 1. HP: 11/11 MP: 4/4
   397 | D:1      | Found a faded altar of an unknown god.
   410 | D:1      | Reached XP level 2. HP: 17/17 MP: 1/6
   444 | D:1      | Learned a level 2 spell: Blink
   444 | D:1      | Found Xeleg's Book Boutique.
   820 | D:1      | Reached XP level 3. HP: 21/21 MP: 1/7
   824 | D:1      | Learned a level 3 spell: Mephitic Cloud
  1054 | D:1      | Reached skill level 2 in Conjurations
  1776 | D:2      | Noticed Jessica
  1822 | D:2      | Killed Jessica
  1823 | D:2      | Reached skill level 1 in Poison Magic
  1823 | D:2      | Reached XP level 4. HP: 27/27 MP: 5/9
  1929 | D:2      | Reached skill level 1 in Air Magic
  2324 | D:3      | Found a glowing golden altar of the Shining One.
  2337 | D:3      | Reached skill level 2 in Translocations
  2779 | D:3      | Reached XP level 5. HP: 24/29 MP: 5/10
  3157 | D:3      | Reached skill level 2 in Poison Magic
  3366 | D:3      | Got Keef's Teachings on Bloody Accompaniment
  3467 | D:3      | Found a transporter.
  3467 | D:3      | Noticed diceflayer's ghost (amateur DsHu)
  3697 | D:3      | Reached XP level 6. HP: 36/36 MP: 0/11
  3699 | D:3      | Found a transporter.
  3739 | D:3      | Reached skill level 4 in Spellcasting
  3753 | D:3      | Reached skill level 3 in Conjurations
  3828 | D:4      | Reached skill level 2 in Air Magic
  3831 | D:4      | Reached skill level 3 in Poison Magic
  4023 | D:4      | Found an iron altar of Okawaru.
  4109 | D:4      | Reached skill level 3 in Translocations
  4198 | D:4      | Reached XP level 7. HP: 41/41 MP: 13/13
  4665 | D:4      | Noticed Sigmund
  4682 | D:4      | Killed Sigmund
  4683 | D:4      | Reached skill level 4 in Conjurations
  4683 | D:4      | Reached skill level 4 in Poison Magic
  4694 | D:4      | Learned a level 3 spell: Conjure Flame
  4972 | D:5      | Entered Level 5 of the Dungeon
  4987 | D:5      | Reached skill level 5 in Spellcasting
  5070 | D:5      | Found a staircase to the Ecumenical Temple.
  5089 | Temple   | Entered the Ecumenical Temple
  5295 | D:5      | Reached skill level 5 in Conjurations
  5295 | D:5      | Reached XP level 8. HP: 36/46 MP: 5/16
  5687 | D:5      | Reached skill level 6 in Spellcasting
  6008 | D:6      | Reached skill level 6 in Conjurations
  6041 | D:6      | Found a glowing drain.
  6185 | Sewer    | Entered a sewer
  7178 | D:6      | Found a bloodstained altar of Trog.
  7206 | D:6      | Found a runed translucent door.
  7206 | D:6      | Noticed MisterFreud's ghost (novice FoGl)
  7309 | D:6      | Found a blossoming altar of Fedhas.
  7422 | D:7      | Noticed a wyvern
  7688 | D:7      | Reached skill level 7 in Spellcasting
  7780 | D:7      | Reached skill level 7 in Conjurations
  7780 | D:7      | Reached XP level 9. HP: 51/51 MP: 13/19
  7919 | D:7      | Found a white marble altar of Elyvilon.
  8505 | D:7      | Found a shimmering altar of Xom.
  8643 | D:7      | Reached skill level 8 in Conjurations
  8991 | D:7      | Found a runed translucent door.
  8992 | D:7      | Noticed Crazy Yiuf
  9001 | D:7      | Killed Crazy Yiuf
  9002 | D:7      | Reached skill level 8 in Spellcasting
  9602 | D:8      | Found a shadowy altar of Dithmenos.
  9690 | D:8      | Noticed a boulder beetle
  9751 | D:8      | Killed a boulder beetle
  9752 | D:8      | Reached skill level 9 in Spellcasting
  9752 | D:8      | Reached skill level 9 in Conjurations
  9752 | D:8      | Reached XP level 10. HP: 10/56 MP: 3/23
 10574 | D:8      | Found an ornate altar of the Wu Jian Council.
 10907 | D:8      | Found a hazy altar of Hepliaklqana.
 11058 | D:8      | Noticed a death yak
 11150 | D:8      | Found a staircase to the Lair.
 11316 | D:8      | Noticed a death yak
 11345 | D:8      | Noticed a death yak
 11348 | D:8      | Killed a death yak
 11349 | D:8      | Reached skill level 10 in Conjurations
 11360 | D:8      | Mangled by a death yak

Illustrated notes

Levels and vault maps discovered:
D:1:      dpeg_arrival_water_fire, layout_basic, basic_ecumenical_altar,
          serial_shops, nicolae_shop_waterfront
D:2:      layout_basic, uniq_jessica
D:3:      minmay_octagon_keep, layout_rooms, nicolae_tso_besieged_by_evil,
          gammafunk_ghost_mausoleum, guppyfry_early_orc_mine
D:4:      layout_basic, mainiacjoe_overflow_tiny_flanked, uniq_sigmund
D:5:      layout_basic, minmay_temple_entry_mini_moons
D:6:      layout_rooms, mainiacjoe_overflow_paths, fedhas_altar_fruit_tree,
          gup_sewer_entry_pipe, gammafunk_ghost_grave
D:7:      layout_gridville, mainiacjoe_overflow_concentric_impassable,
          general_overflow_altar, nicolae_titane, uniq_crazy_yiuf_cottage
D:8:      layout_loops_ring, lemuel_crystal_altar, nicolae_wu_jian_wuxing_cycle,
          nicolae_ru_path_of_blood, nicolae_dithmenos_shadow_blocks,
          dpeg_lair_monsters
Temple:   hellmonk_temple_two_chambers

Skill      XL: |  1  2  3  4  5  6  7  8  9 10 |
---------------+-------------------------------+-----
Conjurations   | 2 3 5 7 9 10 | 10.2
Poison Magic   | 1 2 3 4 |  4.0
Air Magic      | 1 2 |  2.0
Translocations | 2 3 |  3.0
Spellcasting   | 4 5 7 9 |  9.8
Dodging        | |  2.0
Stealth        | |  2.6
Summonings     | |  1.0

Action                   |  1- 3 |  4- 6 |  7- 9 | 10-12 || total
-------------------------+-------+-------+-------+-------++-------
Melee: Dagger            |    58 |    40 |       |       ||    98
       Constrict         |    17 |    38 |    45 |     1 ||   101
       Tentacles         |     9 |    31 |    62 |     2 ||   104
       Short sword       |       |   105 |   218 |    18 ||   341
       Punch             |       |     1 |    10 |       ||    11
Throw: Dart              |       |       |    12 |    11 ||    23
 Cast: Magic Dart        |    47 |    51 |   134 |    99 ||   331
       Conjure Flame     |       |       |     3 |    11 ||    14
       Mephitic Cloud    |       |       |    19 |     7 ||    26
       Blink             |       |       |     2 |       ||     2
  Use: Scroll            |     4 |     2 |     6 |       ||    12
       Potion            |       |       |     2 |     1 ||     3
 Stab: Sleeping          |     7 |     9 |    15 |       ||    31
       Confused          |       |       |     7 |       ||     7
       Invisible         |       |       |       |     1 ||     1
Armor: Skin              |     7 |    18 |    36 |     8 ||    69
Dodge: Dodged            |    40 |    98 |   186 |    24 ||   348
